 Dungeon Sprint DCSS version 0.20.1-1-g8b1a95d (webtiles) character file.

1389 potatolord6000 the Unseen (level 8, -1/67 HPs)
             Began as an Octopode Assassin on Sept 11, 2017.
             Was an Initiate of Ru.
             Slain by a deep elf archer
             ... wielding a +0 short sword
              (6 damage)
             ... in the Dungeon (Sprint V: "Ziggurat Sprint").
             The game lasted 00:02:52 (286 turns).

potatolord6000 the Unseen (Octopode Assassin)        Turns: 286, Time: 00:02:53

Health: -1/67      AC:  1    Str: 23    XL:     8   Next: 68%
Magic:  8/8        EV: 25    Int: 25    God:    Ru [......]
Gold:   0          SH:  0    Dex: 27    Spells: 7/7 levels left

rFire    . . .     SeeInvis .   D - +11 plutonium sword {*Contam Stlth-}
rCold    . . .     Gourm    .   (shield currently unavailable)
rNeg     . . .     Faith    .   (helmet restricted)
rPois    .         Spirit   .   (no amulet)
rElec    .         Reflect  .   x - +6 ring of dexterity
rCorr    .         Harm     .   y - +6 ring of dexterity
MR       .....     NoTele   +   B - +6 ring of strength
Stlth    +++++++...             C - +6 ring of strength
Regen    0.3/turn               z - +6 ring of intelligence
MPRegen  0.2/turn               A - +6 ring of intelligence
                                (no ring)
                                (no ring)

@: very slightly contaminated, studying Evocations
A: almost no armour, stealthy swim, amphibious, 8 rings, constrict 8, camouflage
1, gelatinous body 1
a: Sacrifice Health, Sacrifice Essence, Sacrifice Words, Reject Sacrifices,
Renounce Religion


You were in the Dungeon.
You worshipped Ru.
Ru was noncommittal.
You were very full.

You visited 1 branch

Inventory:

Hand Weapons
 D - the +11 plutonium sword (weapon) {*Contam Stlth-}
   (You found it in the Dungeon)

   It causes magical contamination when unequipped.
   It makes you less stealthy.
Jewellery
 x - a +6 ring of dexterity (left tentacle)
 y - a +6 ring of dexterity (right tentacle)
 z - a +6 ring of intelligence (on tentacle)
 A - a +6 ring of intelligence (on tentacle)
 B - a +6 ring of strength (on tentacle)
 C - a +6 ring of strength (on tentacle)
Scrolls
 k - 3 scrolls of blinking
 o - 4 scrolls of amnesia
 p - 3 scrolls of recharging
 q - 6 scrolls of fog
 r - a scroll of holy word
 s - 5 scrolls of identify
 t - 5 scrolls of remove curse
 u - 2 scrolls of fear
Potions
 b - 2 potions of brilliance
 c - 2 potions of invisibility
 d - 4 potions of resistance
 e - 10 potions of curing
 g - 12 potions of heal wounds
 h - 4 potions of haste
 i - 7 potions of magic
 j - 3 potions of berserk rage
 m - 5 potions of agility
 n - 5 potions of might
Books
 a - a manual of Evocations
Comestibles
 f - 5 bread rations
 v - 42 fruits
 w - 3 meat rations


   Skills:
 + Level 11.0 Fighting
   Level 2.0 Short Blades
 - Level 2.0 Throwing
 + Level 10.9 Dodging
 + Level 15.5 Stealth


You had 7 spell levels left.
You didn't know any spells.

Dungeon Overview and Level Annotations

Branches:
Dungeon (1/1)

Altars:
Ashenzari
Cheibriados
Dithmenos
Elyvilon
Fedhas
Gozag
Hepliaklqana
Kikubaaqudgha
Makhleb
Nemelex Xobeh
Okawaru
Qazlal
Ru
Sif Muna
Trog
Uskayaw
Vehumet
Xom
Yredelemnul
Zin
The Shining One
Beogh
Jiyva
Lugonu

Annotations:
D 1 transporter


Innate Abilities, Weirdness & Mutations

You cannot wear most types of armour.
You are very stealthy in the water. (Stealth+)
You are amphibious.
You can wear up to eight rings at the same time.
You can use your tentacles to constrict eight enemies at once.
Your skin changes colour to match your surroundings (Stealth+).
Your rubbery body absorbs attacks. (AC +1, EV +1)


Message History

Unknown command.
You miss the deep elf mage. You squeeze the deep elf mage!
The deep elf mage is moderately wounded.
You feel less confused. The fire elemental closely misses you.
The deep elf mage hits you with a dagger.
The fire elemental closely misses you. The ice beast misses you.
The fire elemental hits you. The fire elemental burns you!
Unknown command.
You closely miss the deep elf mage. You grab the deep elf mage.
The deep elf mage is lightly wounded.
You constrict the deep elf mage! The fire elemental hits you.
The fire elemental burns you! The ice beast hits you.
* * * LOW HITPOINT WARNING * * *
The ice beast freezes you!
* * * LOW HITPOINT WARNING * * *
The deep elf mage hits you with a dagger.
* * * LOW HITPOINT WARNING * * *
The deep elf archer hits you with an uncursed short sword.
You die...

▓.....▓.....▓.)...▓
▓.....▓.....▓.....▓
▓.....▓.....▓▓▓▓▓▓▓
▓▓▓▓▓▓▓▓▓▓▓▓▓▓▓▓▓▓▓
▓..8©8...▓..8©8...▓
▓..[))...▓..)=)...▓
▓...))...▓..:.)...▓
▓....)...▓....eeY.▓
▓........▓...)E@..▓
▓.▓....▓.▓.▓§...▓.▓
▓........▓.§§§....▓
▓▓▓▓▓▓▓▓▓▓▓▓▓▓▓▓▓▓▓


You could see a deep elf archer, a deep elf mage, a fire elemental and an ice
beast shaped shifter.

Vanquished Creatures
  A dancing weapon (D)
  2 polar bears (D)
  2 tarantellas (D)
  A scorpion (D)
  2 orc priests (D)
  An adder simulacrum (D)
  4 orcs (D)
  A bat simulacrum (D)
14 creatures vanquished.

Vanquished Creatures (others)
  Jessica (D)
1 creature vanquished.

Grand Total: 15 creatures vanquished

Notes
Turn   | Place    | Note
-------+----------+-------------------------------------------
     0 | D        | potatolord6000 the Octopode Assassin began the quest for the Orb.
     0 | D        | Reached XP level 1. HP: 14/14 MP: 1/1
     3 | D        | Found a blossoming altar of Fedhas.
     4 | D        | Found a deep blue altar of Sif Muna.
     4 | D        | Found a sacrificial altar of Ru.
     4 | D        | Found a bloodstained altar of Trog.
     4 | D        | Found a stormy altar of Qazlal.
     4 | D        | Found an iron altar of Okawaru.
     4 | D        | Found a sparkling altar of Nemelex Xobeh.
     6 | D        | Found a transporter.
     6 | D        | Found an ancient bone altar of Kikubaaqudgha.
     6 | D        | Found a viscous altar of Jiyva.
     6 | D        | Found a corrupted altar of Lugonu.
     6 | D        | Found a hazy altar of Hepliaklqana.
     6 | D        | Found a burning altar of Makhleb.
     6 | D        | Found an opulent altar of Gozag.
    38 | D        | Killed Jessica
   117 | D        | Became a worshipper of Qazlal Stormbringer
   130 | D        | Fell from the grace of Qazlal
   130 | D        | Became a worshipper of Ru the Awakened
   147 | D        | Reached skill level 8 in Stealth
   147 | D        | Reached XP level 2. HP: 23/23 MP: 2/2
   149 | D        | Entered arena 2.
   149 | D        | Found a transporter.
   153 | D        | Reached skill level 5 in Fighting
   153 | D        | Reached XP level 3. HP: 27/29 MP: 3/3
   155 | D        | Reached skill level 5 in Dodging
   155 | D        | Reached skill level 9 in Stealth
   155 | D        | Reached XP level 4. HP: 34/36 MP: 4/4
   161 | D        | Entered arena 3.
   161 | D        | Noticed a tarantella
   161 | D        | Noticed a tarantella
   161 | D        | Found a transporter.
   165 | D        | Reached skill level 10 in Stealth
   166 | D        | Killed a tarantella
   166 | D        | Reached skill level 11 in Stealth
   166 | D        | Reached XP level 5. HP: 34/44 MP: 5/5
   166 | D        | Reached XP level 6. HP: 38/50 MP: 6/6
   167 | D        | Killed a tarantella
   167 | D        | Reached skill level 12 in Stealth
   240 | D        | Entered arena 4.
   240 | D        | Noticed a polar bear
   240 | D        | Noticed a polar bear
   240 | D        | Found a transporter.
   249 | D        | Killed a polar bear
   249 | D        | Reached skill level 13 in Stealth
   249 | D        | Reached XP level 7. HP: 57/57 MP: 7/7
   250 | D        | Killed a polar bear
   250 | D        | Reached skill level 14 in Stealth
   258 | D        | Entered arena 5.
   258 | D        | Found a transporter.
   275 | D        | Entered arena 6.
   275 | D        | Noticed a long sword of holy wrath
   275 | D        | Noticed a deep elf mage
   275 | D        | Noticed a rime drake
   275 | D        | Noticed a fire elemental
   275 | D        | Noticed a deep elf archer
   275 | D        | Found a transporter.
   279 | D        | Killed a long sword of holy wrath
   279 | D        | Reached skill level 10 in Dodging
   279 | D        | Reached skill level 15 in Stealth
   279 | D        | Reached XP level 8. HP: 53/67 MP: 8/8
   284 | D        | a rime drake changed into an ice beast
   286 | D        | Slain by a deep elf archer

Skill      XL: |  1  2  3  4  5  6  7 |
---------------+----------------------+-----
Fighting       | 4 5 7 9 11 | 11.0
Dodging        | 4 5 7 9 10 | 10.9
Stealth        | 8 9 11 13 15 | 15.5
Short Blades   | |  2.0
Throwing       | |  2.0

Action                   |  1- 3 |  4- 6 |  7- 9 || total
-------------------------+-------+-------+-------++-------
Melee: Triple sword      |     3 |     6 |    13 ||    22
       Constrict         |     1 |     2 |     5 ||     8
       Tentacles         |       |     4 |     6 ||    10
  Use: Potion            |     2 |     3 |       ||     5
       Scroll            |       |       |     2 ||     2
  Eat: Meat ration       |     1 |       |       ||     1
Armor: Skin              |       |     2 |       ||     2
Dodge: Dodged            |     3 |    23 |    25 ||    51
       Rpst.: Triple sword |       |     5 |     2 ||     7
